 Dungeon Crawl Stone Soup version 0.31-a0-986-g5e6e4ef867 (webtiles) character file.

Game seed: 16945349031758331534

53 promet the Firebug (level 3, -1/20 HPs)
             Began as a Deep Elf Fire Elementalist on Nov 18, 2023.
             Slain by a worm (8 damage)
             ... on level 2 of the Dungeon.
             The game lasted 00:06:16 (2417 turns).

promet the Firebug (Deep Elf Fire Elementalist)     Turns: 2417, Time: 00:06:17

Health: -1/20      AC:  2    Str:  7    XL:     3   Next: 62%
Magic:  5/10       EV: 12    Int: 19    God:
Gold:   74         SH:  0    Dex: 15    Spells: 6/9 levels left

rFire   . . .        d - +0 spear
rCold   . . .        (no shield)
rNeg    . . .        a - +0 robe
rPois   .            (no helmet)
rElec   .            (no cloak)
rCorr   .            (no gloves)
SInv    .            (no boots)
Will    .....        (no amulet)
Stlth   ++           (no ring)
HPRegen 0.23/turn    (no ring)
MPRegen 0.12/turn

%: no passive effects
@: very slightly contaminated
A: no striking features
a: no special abilities


You were on level 2 of the Dungeon.
You visited 1 branch of the dungeon, and saw 2 of its levels.

You collected 74 gold pieces.

Inventory:

Hand Weapons
 d - a +0 spear (weapon)
Missiles
 e - 12 stones
Armour
 a - a +0 robe (worn)
Magical Staves
 g - a staff of conjuration
Scrolls
 f - 2 scrolls of identify {unknown}
 j - a scroll of blinking {unknown}
Potions
 b - a potion of magic
 c - a potion of berserk rage {unknown}
 h - a potion of attraction {unknown}
 i - a potion of curing {unknown}


   Skills:
 * Level 0.9 Fighting
 + Level 2.5 Dodging
 + Level 2.7 Stealth
 + Level 3.5 Spellcasting
 + Level 1.4 Conjurations
 + Level 4.1 Fire Magic


You had 6 spell levels left.
You knew the following spells:

 Your Spells              Type           Power      Damage    Failure   Level
a - Foxfire               Conj/Fire      56%        2x1d6     4%          1
b - Scorch                Fire           38%        2d6       4%          2

Your spell library contained the following spells:

 Spells                   Type           Power      Damage    Failure   Level
 Inner Flame              Hex/Fire       11%        N/A       19%         3
 Volatile Blastmotes      Fire/Tloc      22%        2d11      19%         3
 Flame Wave               Conj/Fire      14%        2d6       41%         4


Dungeon Overview and Level Annotations

Branches:
Dungeon (2/15)

Altars:

Shops:
D:1 ?[![


Message History

You kill the giant cockroach!
You start resting.
Magic restored.
You start waiting.
Done waiting.
You start waiting.
Done waiting.
A worm comes into view.
Found a scroll labelled NIHAUMP RIDIU.
You hit the worm but do no damage. You hit the worm.
The worm is lightly wounded.
The worm bites you!
You hit the worm.
The worm is lightly wounded.
The worm bites you.
You hit the worm.
The worm is moderately wounded.
Casting: Scorch (safe; 4% risk of failure)
Confirm with . or Enter, or press ? or * to list all spells.
You miscast Foxfire.
You are very lightly contaminated with residual magic.
Nothing appears to happen.
The worm bites you. The worm bites you.
* * * LOW HITPOINT WARNING * * *
Casting: Foxfire (safe; 4% risk of failure)
Confirm with . or Enter, or press ? or * to list all spells.
You conjure some foxfire!
Your foxfire dissipates!
The foxfire hits the worm.
The worm is moderately wounded.
Casting: Foxfire (safe; 4% risk of failure)
Confirm with . or Enter, or press ? or * to list all spells.
Flames lash the worm.
The worm is severely wounded.
The worm's fire resistance burns away.
The worm barely misses you.
Casting: Scorch (safe; 4% risk of failure)
Confirm with . or Enter, or press ? or * to list all spells.
You conjure some foxfire!
The worm bites you!
You die...

#. #. #. #. #. # #.
############
....##.##@v........#
#......wv########.#
#.#.#...### #.#
#..... #.# ##..?##
#.# ##.## #.# #. #.#
#.# #. #.# #.# ##+##
#.#


You could see a worm (combustible, ally target).

Vanquished Creatures
  A gnoll (D:1)
  A worm (D:2)
  5 bats (D:1)
  3 endoplasms (D:1)
  2 giant cockroaches
  2 goblins (D:1)
  4 hobgoblins (D:1)
  9 jackals (D:1)
  4 ball pythons (D:1)
  2 kobolds (D:1)
  A rat (D:1)
34 creatures vanquished.

Vanquished Creatures (others)
  78 foxfires
78 creatures vanquished.

Grand Total: 112 creatures vanquished

Notes
Turn   | Place    | Note
-------+----------+-------------------------------------------
     0 | D:1      | promet the Deep Elf Fire Elementalist began the quest for
                  | the Orb.
     0 | D:1      | Reached XP level 1. HP: 10/10 MP: 6/6
    50 | D:1      | Reached XP level 2. HP: 6/15 MP: 4/8
   155 | D:1      | Found Vaugympu's Magic Scroll Shop.
   335 | D:1      | Reached skill level 4 in Fire Magic
   529 | D:1      | Reached XP level 3. HP: 17/19 MP: 5/9
   729 | D:1      | Found Wirghuda's Distillery.
   819 | D:1      | Found Baeshryr's Armour Shoppe.
  1142 | D:1      | Found Hyuf's Armour Shoppe.
  2135 | D:2      | Learned a level 2 spell: Scorch
  2417 | D:2      | Slain by a worm

Illustrated notes

Levels and vault maps discovered:
D:1:      dpeg_arrival_signposts, layout_rooms, serial_shops, shop, shop,
          nicolae_shop_hallway_plus, shop, hangedman_decor_lopped,
          grunt_decor_junction
D:2:      minmay_general_purpose_star, layout_loops_corners, dk_noncrumbling_4

Skill      XL: |  1  2 |
---------------+-------+-----
Fire Magic     | 4 |  4.1
Fighting       | |  0.9
Dodging        | |  2.5
Stealth        | |  2.7
Spellcasting   | |  3.5
Conjurations   | |  1.4

Action                     || total
---------------------------++-------
  Melee: Spear             ||    31
         Punch             ||     1
   Cast: Foxfire           ||    48
         Scorch            ||     2
   Stab: Sleeping          ||     1
 Armour: Robe              ||    38
  Dodge: Dodged            ||    40

Table legend: (Time is in decaauts)
 A = Elapsed time spent in this place.
 B = Non-inter-level travel time spent in this place.
 C = Inter-level travel time spent in this place.
 D = Time resting spent in this place.
 E = Time spent auto-exploring this place.
 F = Levels seen in this place.
 G = Mean time per level.
                   A        B        C        D        E       F      G
               +--------+--------+--------+--------+--------+-----+--------+
         Total |   2419 |   2397 |     22 |   1377 |    524 |   2 | 1209.5 |
       Dungeon |   2419 |   2397 |     22 |   1377 |    524 |   2 | 1209.5 |
               +--------+--------+--------+--------+--------+-----+--------+

Top non-repeatable levels by time:
     D:1: 1906 daAuts
     D:2: 513 daAuts
